AoeStats
← Infadel

Arabia

510397682Analyzed
1v1 RM · 23h ago on Sep 30, 2026· 43m 42s· 2 players
Game mode
Random Map
Map size
Tiny (2 player)
Population
200
Speed
Normal
Resources
Standard
Victory
Conquest
Starting age
Dark Age
Ending age
Imperial Age
RankedLock teamsTeams togetherTeam positionsShared explorationLock speedFull tech treeHidden civsTurbo modeCheats
Victory
Defeat
🇮🇳 Aztecs · India
1088
+15
🇦🇷 Armenians · Argentina
1062
-15
Oso Táctico
7:40 Loom
9:45 Feudal Age
11:37 Man-at-Arms
18:35 Castle Age
17:16 Fletching
18:49 Town Watch
22:29 Bodkin Arrow
22:56 Double-Bit Axe
27:03 Gold Mining
27:34 Bow Saw
28:31 Guard Tower
29:18 Padded Archer Armor
29:20 Scale Mail Armor
30:57 Elite Skirmisher
33:32 Gold Shaft Mining
33:25 Ballistics
33:31 Forging
34:43 Stone Mining
40:30 Leather Archer Armor
40:51 Horse Collar
41:47 Scale Barding Armor
Infadel
7:16 Loom
9:15 Feudal Age
10:25 Double-Bit Axe
16:30 Padded Archer Armor
16:23 Fletching
23:14 Castle Age
22:23 Padded Archer Armor
23:17 Scale Mail Armor
23:28 Forging
24:07 Crossbowman
25:08 Town Watch
25:59 Bodkin Arrow
29:09 Leather Archer Armor
30:52 Wheelbarrow
30:35 Gold Mining
30:35 Stone Mining
32:56 Hand Cart
34:26 Iron Casting
34:26 Horse Collar
37:25 Bow Saw
40:44 Imperial Age
38:10 Stone Mining
39:52 Stone Shaft Mining
39:52 Gold Shaft Mining
41:03 Chain Mail Armor
40:58 Arbalester
41:54 Heavy Plow
41:56 Pikeman
43:19 Bracer
Connection lost

Rejoining the realm…

Still unreachable

The connection could not be restored.

Session expired

The server has moved on; the page needs a fresh start.